 Dungeon Crawl Stone Soup version 0.30-a0-726-gd89dcf765f (webtiles) character file.

Game seed: 3081373959942313985

1216 M4edhros the Martial Artist (level 8, 0/45 (52) HPs)
             Began as an Octopode Monk on Jan 29, 2023.
             Was a Plaything of Xom.
             Slain by a wight
             ... wielding a +4 mace
              (9 damage)
             ... on level 6 of the Dungeon.
             The game lasted 00:04:03 (2536 turns).

M4edhros the Martial Artist (Octopode Monk)         Turns: 2536, Time: 00:04:03

HP:   0/45 (52)     AC:  1    Str: 11    XL:     8   Next: 46%
MP:   8/8           EV: 19    Int: 12    God:    Xom [..*...]
Gold: 195           SH:  0    Dex: 16    Spells: 7/7 levels left

rFire   . . .      SeeInvis .      - Unarmed
rCold   . . .      Faith    .    (no shield)
rNeg    . . .      Spirit   .    (helmet restricted)
rPois   .          Reflect  .    (no amulet)
rElec   .          Harm     .    j - +5 ring of evasion
rCorr   .          Rampage  .    (no ring)
Will    .....                    (no ring)
Stlth   ++                       (no ring)
HPRegen 0.27/turn                (no ring)
MPRegen 0.11/turn                (no ring)
                                 (no ring)
                                 (no ring)

@: confused, ambrosia-drunk, flying, heavily drained
A: almost no armour, amphibious, 8 rings, camouflage 1, gelatinous body 1,
(nimble swimmer 1), tentacles
a: Renounce Religion


You were on level 6 of the Dungeon.
You worshipped Xom.
You were a toy of Xom.
You visited 2 branches of the dungeon, and saw 7 of its levels.

You collected 195 gold pieces.

Inventory:

Missiles
 e - 6 curare-tipped darts
 g - 4 javelins (quivered)
Jewellery
 j - a +5 ring of evasion (left tentacle)
Scrolls
 b - a scroll of brand weapon {unknown}
 c - 3 scrolls of identify {unknown}
 d - 2 scrolls of magic mapping {unknown}
 f - a scroll of immolation {unknown}
 h - a scroll of fear {unknown}
 k - a scroll of enchant weapon {unknown}


   Skills:
 + Level 3.0 Fighting
 * Level 3.1 Dodging
 + Level 2.8 Stealth
 - Level 10.3 Unarmed Combat


You had 7 spell levels left.
You didn't know any spells.
Your spell library was empty.

Dungeon Overview and Level Annotations

Branches:
Dungeon (6/15)             Temple (1/1) D:6

Altars:
Ashenzari
Dithmenos
Fedhas
Gozag
Hepliaklqana
Kikubaaqudgha
Makhleb
Okawaru
Qazlal
Sif Muna
Xom
Zin

Annotations:
D:2 1 runed translucent door, Crazy Yiuf


Innate Abilities, Weirdness & Mutations

You cannot wear most types of armour.
You are amphibious.
You can wear up to eight rings at the same time.
Your skin changes colour to match your surroundings (Stealth+).
Your rubbery body absorbs attacks. (AC +1, EV +1)
((You are camouflaged when in or above water. (Stealth+)))
You have tentacles for arms and can constrict up to eight enemies at once.


Message History

The wight is moderately damaged.
The wight hits you with a +4 mace.
You tentacle-slap the wight but do no damage.
Your grab misses the wight. You squeeze the wight.
The wight is moderately damaged.
A wight comes into view. It is wielding a +3 dire flail.
The wight completely misses you. The wight barely misses you. x2
You barely miss the wight. Your grab misses the wight.
The wight is moderately damaged.
The wight closely misses you.
The wight hits you with a +0 short sword!
You feel drained. The wight hits you with a +0 scimitar!
You feel drained.
You are too injured to fight recklessly!
You are too injured to fight recklessly!
You are too injured to fight recklessly!
You are too injured to fight recklessly!
You are too injured to fight recklessly!
Okay, then.
The wight attacks as you move away! The wight barely misses you.
The wight hits you with a +0 scimitar!
* * * LOW HITPOINT WARNING * * *
You feel drained.
* * * LOW HITPOINT WARNING * * *
It was a potion of flight.
You feel very buoyant.
You fly up into the air.
Xom thinks this is hilarious!
The wight hits you with a +4 mace.
* * * LOW HITPOINT WARNING * * *
You feel drained.
* * * LOW HITPOINT WARNING * * *
Okay, then.
Okay, then.
Okay, then.
You are confused.
You feel invigorated.
Xom momentarily opens a gate.
The wight hits you with a +4 mace!
You die...
Xom snickers!

.#.#.#..# ..>...#
........# .....
.#.#.#..#### ....
............ .. ##z.#
........# #. #...#
........# #. ##†.#
###.###.# #.###.z.#
....#)#.######.5##z.##
....###.......5.@zz.##
..#.......#####5##.(.####
#.....###.................
...............#....#####.
...............######
...............#
....###..#.#.### ..###
#......##### ###
#.#####..#.#.....######
#.#


You could see 4 wights, a friendly iron imp (summoned) and 2 friendly ufetubi.

Vanquished Creatures
  A steam dragon (D:6)
  Edmund (D:6)
  A water moccasin (D:6)
  2 ice beasts
  2 black bears (D:4)
  A bullfrog (D:6)
  A scorpion (D:6)
  2 howler monkeys (D:4)
  A jelly (D:4)
  2 hounds
  3 iguanas
  Terence (D:2)
  4 adders
  A white imp (D:6)
  An ufetubus (D:6)
  2 worms
  A dart slug (D:2)
  10 orcs
  A bat (D:2)
  2 endoplasms (D:4)
  2 giant cockroaches
  A goblin (D:4)
  A hobgoblin (D:2)
  3 kobolds
  A quokka (D:4)
  4 ball pythons
  A frilled lizard (D:3)
  3 rats
56 creatures vanquished.

Notes
Turn   | Place    | Note
-------+----------+-------------------------------------------
     0 | D:1      | M4edhros the Octopode Monk began the quest for the Orb.
     0 | D:1      | Reached XP level 1. HP: 16/16 MP: 1/1
     4 | D:1      | Noticed a minotaur zombie
     4 | D:1      | Noticed a minotaur zombie
    11 | D:1      | Noticed a merfolk zombie
    11 | D:1      | Noticed a merfolk zombie
    21 | D:1      | Noticed a merfolk zombie
   137 | D:2      | Reached XP level 2. HP: 20/21 MP: 2/2
   252 | D:2      | Found a runed translucent door.
   253 | D:2      | Noticed Crazy Yiuf
   336 | D:2      | Noticed Terence
   341 | D:2      | Killed Terence
   342 | D:2      | Reached skill level 4 in Unarmed Combat
   342 | D:2      | Reached XP level 3. HP: 26/26 MP: 3/3
   572 | D:3      | Reached skill level 5 in Unarmed Combat
   572 | D:3      | Reached XP level 4. HP: 27/31 MP: 4/4
   939 | D:4      | Reached XP level 5. HP: 36/36 MP: 5/5
  1025 | D:4      | Reached skill level 6 in Unarmed Combat
  1126 | D:4      | Noticed a black bear
  1126 | D:4      | Noticed a black bear
  1143 | D:4      | Killed a black bear
  1144 | D:4      | Reached XP level 6. HP: 42/42 MP: 6/6
  1153 | D:4      | Killed a black bear
  1154 | D:4      | Reached skill level 7 in Unarmed Combat
  1595 | D:5      | Entered Level 5 of the Dungeon
  1648 | D:5      | Noticed an ice beast
  1655 | D:5      | Killed an ice beast
  1656 | D:5      | Reached XP level 7. HP: 46/46 MP: 7/7
  1676 | D:6      | Noticed Edmund
  1677 | D:6      | Found a staircase to the Ecumenical Temple.
  1698 | D:6      | Reached skill level 8 in Unarmed Combat
  1705 | D:6      | Killed Edmund
  1714 | Temple   | Entered the Ecumenical Temple
  1731 | Temple   | Became a worshipper of Xom the Capricious
  1743 | D:6      | XOM: potion effect (heal wounds)
  1755 | D:6      | Noticed a steam dragon
  1760 | D:6      | XOM: smoke on damage
  1761 | D:6      | XOM: potion effect (invisibility)
  1765 | D:6      | Killed a steam dragon
  1766 | D:6      | Reached skill level 9 in Unarmed Combat
  1766 | D:6      | Reached XP level 8. HP: 33/52 MP: 8/8
  1776 | D:6      | XOM: silly message
  1790 | D:6      | XOM: silly message
  1854 | D:6      | Found a stormy altar of Qazlal.
  1856 | D:6      | Found a blossoming altar of Fedhas.
  1877 | D:6      | XOM: noise
  1879 | D:6      | XOM: enchant monster (bad)
  1885 | D:6      | Reached skill level 10 in Unarmed Combat
  2030 | D:5      | XOM: 2-stop teleportation journey
  2102 | D:5      | Found an opulent altar of Gozag.
  2456 | D:6      | Found an ancient bone altar of Kikubaaqudgha.
  2456 | D:6      | Found a broken altar of Ashenzari.
  2523 | D:6      | XOM: divination: detect creatures
  2524 | D:6      | XOM: enchant monster (good)
  2536 | D:6      | XOM: summons 3 friendly demons
  2536 | D:6      | Slain by a wight

Illustrated notes

Levels and vault maps discovered:
D:1:      shiori_arrival_whats_in_store_for_you, layout_basic
D:2:      layout_loops_corners, uniq_terence, uniq_crazy_yiuf_cottage
D:3:      layout_rooms, minmay_hedge_maze
D:4:      layout_basic
D:5:      layout_basic, grunt_gozag_statues, sigmund_army
D:6:      layout_rooms, grunt_temple_overflow_forces_of_nature, trog_book,
          mainiacjoe_overflow_surrounded_room, mainiacjoe_overflow_divided_tiny,
          minmay_temple_entry_statues, serial_glass, glass_columns_a,
          glass_columns_b, item_on_display_a, minmay_strange_pillars,
          item_on_display_a, uniq_duvessa, uniq_edmund
Temple:   hellmonk_temple_two_chambers

Skill      XL: |  1  2  3  4  5  6  7  8 |
---------------+-------------------------+-----
Unarmed Combat | 4 5 6 7 9 10 | 10.3
Fighting       | |  3.0
Dodging        | |  3.1
Stealth        | |  2.8

Action                     |  1- 3 |  4- 6 |  7- 9 || total
---------------------------+-------+-------+-------++-------
  Melee: Unarmed           |    31 |    38 |    68 ||   137
         Tentacles         |     9 |     4 |    20 ||    33
         Constrict         |     9 |     4 |    17 ||    30
         Punch             |       |     6 |     2 ||     8
  Throw: Javelin           |       |     6 |       ||     6
    Use: Potion            |       |     6 |     5 ||    11
         Scroll            |       |       |     1 ||     1
   Stab: Sleeping          |     4 |     2 |     3 ||     9
         Invisible         |       |     2 |       ||     2
 Armour: Skin              |     2 |    22 |     6 ||    30
  Dodge: Dodged            |    22 |    24 |    47 ||    93

Table legend: (Time is in decaauts)
 A = Elapsed time spent in this place.
 B = Non-inter-level travel time spent in this place.
 C = Inter-level travel time spent in this place.
 D = Time resting spent in this place.
 E = Time spent auto-exploring this place.
 F = Levels seen in this place.
 G = Mean time per level.
                   A        B        C        D        E       F      G
               +--------+--------+--------+--------+--------+-----+--------+
         Total |   2517 |   2395 |    122 |    108 |   1711 |   7 |  359.6 |
       Dungeon |   2493 |   2377 |    116 |    108 |   1711 |   6 |  415.5 |
        Temple |     23 |     17 |      6 |      0 |      0 |   1 |   23.0 |
               +--------+--------+--------+--------+--------+-----+--------+

Top non-repeatable levels by time:
     D:4: 989 daAuts
     D:5: 565 daAuts
     D:2: 463 daAuts
     D:6: 339 daAuts
     D:3: 96 daAuts
     D:1: 40 daAuts
  Temple: 23 daAuts
